 Dungeon Crawl Stone Soup version 0.32-a0-540-g866d13106e (webtiles) character file.

Game seed: 805286946248383966

135 HC7 the Ruffian (level 4, -2/41 HPs)
             Began as a Troll Shapeshifter on Feb 28, 2024.
             Incinerated by a bombardier beetle (4 damage)
             ... with a burning spray
             ... on level 3 of the Dungeon.
             The game lasted 00:05:11 (1397 turns).

HC7 the Ruffian (Troll Shapeshifter)                Turns: 1397, Time: 00:05:12

Health: -2/41      AC:  4    Str: 22    XL:     4   Next: 96%
Magic:  3/3        EV: 10    Int:  6    God:
Gold:   23         SH:  0    Dex: 11    Spells: 3/3 levels left

rFire   . .          .
                       - Unarmed
rCold   . . .        (no shield)
rNeg    . . .        a - +0 animal skin
rPois   .            (helmet currently unavailable)
rElec   .            (cloak currently unavailable)
rCorr   .            (gloves unavailable)
SInv    .            (boots unavailable)
Will    .....        (no amulet)
Stlth   +            (no ring)
HPRegen 1.06/turn    (no ring)
MPRegen 0.08/turn

%: no passive effects
@: on fire, beast-form, glowing
A: beast (slay +2), large, unfitting armour, claws 3, regeneration 1, shaggy fur
1, tough skin 1
a: Begin Untransformation


You were on level 3 of the Dungeon.
You were a hulking beast.
You visited 1 branch of the dungeon, and saw 3 of its levels.

You collected 23 gold pieces.

Inventory:

Hand Weapons
 o - a +2 quarterstaff of chaos
Armour
 a - a +0 animal skin (worn)
Magical Staves
 g - a staff of alchemy
Jewellery
 i - a ring of flight
Talismans
 c - a beast talisman (active)
 d - a flux talisman
Potions
 b - a potion of lignification
 e - a potion of curing
 f - a potion of mutation {unknown}
 h - a potion of haste {unknown}
 k - a potion of resistance {unknown}
 m - a potion of degeneration {unknown}


   Skills:
 + Level 1.0 Fighting
 + Level 2.2 Dodging
 * Level 0.5 Stealth
 + Level 3.9 Unarmed Combat
 * Level 0.4 Spellcasting
 * Level 3.9 Shapeshifting


You had 3 spell levels left.
You didn't know any spells.
Your spell library contained the following spells:

 Spells                   Type           Power      Damage    Failure   Level
 Foxfire                  Conj/Fire      0%         2x1d4     43%         1


Dungeon Overview and Level Annotations

Branches:
Dungeon (3/15)

Altars:

Shops:
D:2 *


Innate Abilities, Weirdness & Mutations

You are a hulking beast.
Your limbs bulge with bestial killing power. (Slay +2)
You are too large for most types of armour.
You have claws for hands.
Your natural rate of healing is unusually fast.
You are covered in fur. (AC +1)
You have tough skin. (AC +1)


Message History

The liquid fire burns you!
You closely miss the bombardier beetle.
The bombardier beetle is moderately wounded.
The liquid fire burns you!
The bombardier beetle bites you but does no damage.
You scratch the bombardier beetle.
The bombardier beetle is severely wounded.
The liquid fire burns you!
You scratch the bombardier beetle.
The bombardier beetle is severely wounded.
The liquid fire burns you! The bombardier beetle bites you.
You closely miss the bombardier beetle.
The bombardier beetle is severely wounded.
The liquid fire burns you! The bombardier beetle bites you.
You scratch the bombardier beetle.
The bombardier beetle is almost dead.
The liquid fire burns you!
You scratch the bombardier beetle but do no damage.
The bombardier beetle is almost dead.
The liquid fire burns you!
* * * LOW HITPOINT WARNING * * *
The bombardier beetle bites you but does no damage.
You scratch the bombardier beetle but do no damage.
The bombardier beetle is almost dead.
The liquid fire burns you!
* * * LOW HITPOINT WARNING * * *
You barely miss the bombardier beetle. You claw the bombardier beetle.
You kill the bombardier beetle!
The liquid fire burns you!
* * * LOW HITPOINT WARNING * * *
Your Fighting skill increases to level 1!
Found a stone staircase leading up.
You shake off some of the fire as you move.
The liquid fire burns you!
* * * LOW HITPOINT WARNING * * *
You see here a bombardier beetle corpse.
The liquid fire burns you!
You die...

#.# (## #.# #(#.
#.# ((#.. ..# #
#(#.. #.. .#
(##$$+#.##.####
##........<....
.......h#######
#.
...............
..
.........#####.#
#.
...............#
#.
.........#######
##.
...##+##.##....#
#.. ###
#.##.##.#
#..#..#
#.##.##.#
#.....ยง
#.......#
#.#####


You could see 6 dancing weapons.

Vanquished Creatures
  A bombardier beetle (D:3)
  Crazy Yiuf (D:2)
  Jessica (D:2)
  An adder (D:2)
  2 dart slugs
  5 ball pythons
  3 bats
  2 endoplasms (D:2)
  A giant cockroach (D:2)
  2 goblins
  2 hobgoblins
  5 jackals
  A quokka (D:1)
  4 kobolds
  A rat (D:2)
32 creatures vanquished.

Notes
Turn   | Place    | Note
-------+----------+-------------------------------------------
     0 | D:1      | HC7 the Troll Shapeshifter began the quest for the Orb.
     0 | D:1      | Reached XP level 1. HP: 18/18 MP: 0/0
   196 | D:1      | Reached XP level 2. HP: 26/26 MP: 1/1
   445 | D:1      | Found a faded altar of an unknown god.
   459 | D:1      | Got Plato's Secrets of the Coals
   566 | D:2      | Found a runed translucent door.
   801 | D:2      | Reached XP level 3. HP: 32/32 MP: 2/2
   831 | D:2      | Noticed Jessica
   840 | D:2      | Killed Jessica
   885 | D:2      | Found Wattut's General Store.
  1029 | D:2      | Noticed Crazy Yiuf
  1036 | D:2      | HP: 1/32 [Crazy Yiuf/+2 quarterstaff of chaos (12)]
  1037 | D:2      | Killed Crazy Yiuf
  1038 | D:2      | Reached XP level 4. HP: 3/40 MP: 3/3
  1378 | D:3      | Noticed a +0 spear
  1379 | D:3      | Noticed a +0 short sword
  1381 | D:3      | Noticed a +0 falchion
  1382 | D:3      | Noticed a +0 short sword
  1385 | D:3      | Noticed a +0 dagger
  1390 | D:3      | Noticed a +0 dagger
  1396 | D:3      | Reached skill level 1 in Fighting
  1396 | D:3      | HP: 1/41 [burnt (4)]
  1397 | D:3      | Incinerated by a bombardier beetle

Illustrated notes

Levels and vault maps discovered:
D:1:      psy_arrival_heroes, layout_loops_ring,
          shapermc_ecumenical_altar_rom_forum, minmay_pentomino_z2
D:2:      layout_loops_ring, serial_shops, shop, uniq_jessica,
          uniq_crazy_yiuf_cottage
D:3:      layout_basic, nicolae_uskayaw_en_pointe

Skill      XL: |  1  2  3  4 |
---------------+-------------+-----
Dodging        | 2 |  2.2
Fighting       | 1 |  1.0
Stealth        | |  0.5
Unarmed Combat | |  3.9
Spellcasting   | |  0.4
Shapeshifting  | |  3.9

Action                     |  1- 3 |  4- 6 || total
---------------------------+-------+-------++-------
  Melee: Unarmed           |    63 |    15 ||    78
         Punch             |     1 |     1 ||     2
    Use: Scroll            |     2 |     5 ||     7
 Armour: Animal skin       |    73 |     5 ||    78
  Dodge: Dodged            |    55 |     1 ||    56

Table legend: (Time is in decaauts)
 A = Elapsed time spent in this place.
 B = Non-inter-level travel time spent in this place.
 C = Inter-level travel time spent in this place.
 D = Time resting spent in this place.
 E = Time spent auto-exploring this place.
 F = Levels seen in this place.
 G = Mean time per level.
                   A        B        C        D        E       F      G
               +--------+--------+--------+--------+--------+-----+--------+
         Total |   1392 |   1281 |    111 |      0 |    968 |   3 |  464.0 |
       Dungeon |   1392 |   1281 |    111 |      0 |    968 |   3 |  464.0 |
               +--------+--------+--------+--------+--------+-----+--------+

Top non-repeatable levels by time:
     D:2: 780 daAuts
     D:1: 563 daAuts
     D:3: 48 daAuts
